 Dungeon Crawl Stone Soup version 0.21-a0-26-g7b23a2f (webtiles) character file.

3850 mcbry the Cleaver (level 10, -11/90 HPs)
             Began as a Hill Orc Fighter on May 25, 2017.
             Was a Believer of Beogh.
             Mangled by a two-headed ogre
             ... wielding a +0 giant spiked club
              (14 damage)
             ... on level 8 of the Dungeon.
             The game lasted 00:31:18 (6994 turns).

mcbry the Cleaver (Hill Orc Fighter)                Turns: 6994, Time: 00:31:18

Health: -11/90     AC: 18    Str: 23      XL:     10   Next: 18%
Magic:  10/10      EV:  6    Int:  8      God:    Beogh [**....]
Gold:   523        SH: 11    Dex:  9 (10) Spells: 9/9 levels left

rFire    + . .     SeeInvis .   a - +1 war axe
rCold    . . .     Gourm    .   c - +0 shield
rNeg     . . .     Faith    .   s - +4 chain mail {rPois}
rPois    +         Spirit   .   (no helmet)
rElec    .         Reflect  .   o - +0 cloak (curse)
rCorr    .         Harm     .   B - +0 pair of gloves
MR       +....     Rnd*Rage +   x - +0 pair of boots
Stlth    ..........             (no amulet)
Regen    0.3/turn               d - ring of protection from magic
MPRegen  0.2/turn               (no ring)

@: no status effects
A: hooves 1, berserk 1, deterioration 1, fire resistance 1
a: Smiting, Renounce Religion


You were on level 8 of the Dungeon.
You worshipped Beogh.
Beogh was pleased with you.
You were very hungry.

You visited 1 branch of the dungeon, and saw 8 of its levels.
You also visited: Sewer.

You collected 523 gold pieces.

Inventory:

Hand Weapons
 a - a +1 war axe (weapon)
Missiles
 v - 9 tomahawks (quivered)
Armour
 c - a +0 shield (worn)
 o - a cursed +0 cloak (worn)
 s - a +4 chain mail of poison resistance (worn)
 x - a +0 pair of boots (worn)
 B - a +0 pair of gloves (worn)
Jewellery
 d - a ring of protection from magic (left hand)
Wands
 m - a wand of iceblast (3/15)
 t - a wand of random effects (32/48)
 y - a wand of random effects (23/48)
 G - a wand of iceblast (6/15)
 K - a wand of enslavement (7/24)
Scrolls
 b - 2 scrolls of immolation {unknown}
 g - 7 scrolls of identify
 h - a scroll of enchant armour
 j - a scroll of teleportation
 k - 4 scrolls of amnesia
 p - 3 scrolls of remove curse
 q - 5 scrolls of magic mapping {unknown}
 w - a scroll of enchant weapon
 D - a scroll of holy word {unknown}
 F - a scroll of vulnerability {unknown}
 H - a scroll of recharging {unknown}
 J - a scroll of summoning {unknown}
Potions
 e - 6 potions of curing
 l - 3 potions of lignification {unknown}
 u - 4 potions of flight {unknown}
 z - a potion of mutation
 A - a potion of degeneration {unknown}
 C - 2 potions of agility {unknown}
 E - a potion of magic {unknown}
Comestibles
 f - 6 bread rations
 i - 3 fruits
 n - 4 royal jellies
 r - 7 meat rations


   Skills:
 + Level 8.4 Fighting
 + Level 12.5 Axes
 + Level 0.3 Throwing
 + Level 6.9 Armour
 + Level 7.9 Shields


You had 9 spell levels left.
You didn't know any spells.

Dungeon Overview and Level Annotations

Branches:
Dungeon (8/15)             Temple (0/1) D:4
   Lair: D:8-11

Altars:
Ashenzari
Nemelex Xobeh
Okawaru
Ru
Vehumet
Xom
Yredelemnul
Zin

Shops:
D:8 [


Innate Abilities, Weirdness & Mutations

You have large cloven feet.
You tend to lose your temper in combat.
Your body sometimes deteriorates upon taking damage.
Your flesh is heat resistant. (rF+)


Message History

* * * LOW HITPOINT WARNING * * *
The two-headed ogre hits you with a giant club.
* * * LOW HITPOINT WARNING * * *
You hit the two-headed ogre but do no damage.
The two-headed ogre is heavily wounded.
You block the two-headed ogre's attack.
The two-headed ogre hits you with a giant club!
* * * LOW HITPOINT WARNING * * *
Okay, then.
You slash the two-headed ogre!
The two-headed ogre is almost dead.
You block the two-headed ogre's attack.
The two-headed ogre hits you with a giant club.
* * * LOW HITPOINT WARNING * * *
You closely miss the two-headed ogre.
The two-headed ogre is almost dead.
You closely miss the two-headed ogre.
The two-headed ogre is almost dead.
The two-headed ogre hits you with a giant spiked club!
You die...

............###......###......#
<...........# #..........##.#.#
............###.............#.#
.......##.................###.###
..........................# #....
..........................###....
##.........###().................
.........#####(............###...
.........##(((()@...........##...
.........##.....O...........###..
.........##(................###..
.........##......................
.........##.............#........
.........##.............#........
....#'#..##.............####.....
....+∩'..##......................
....#+#..##......................


You could see a two-headed ogre.

Vanquished Creatures
  A two-headed ogre (D:8)
  Prince Ribbit (D:8)
  A hippogriff (D:8)
  Sigmund (D:3)
  Eustachio (D:5)
  A wyvern (D:8)
  A steam dragon (D:7)
  Menkaure (D:5)
  A black bear (D:8)
  Purgy (Sewer)
  4 ice beasts
  A sky beast (D:7)
  2 centaurs (D:8)
  2 bullfrogs (D:8)
  A big kobold (D:8)
  A scorpion (D:4)
  3 killer bees (D:8)
  A howler monkey (D:4)
  2 crimson imps
  A bullfrog zombie (D:5)
  A hound (D:8)
  A jelly (D:7)
  2 orc priests (D:8)
  A bullfrog skeleton (D:5)
  5 orc wizards
  Jessica (D:3)
  5 worker ants
  Ijyb (D:3)
  Terence (D:3)
  Natasha (D:3)
  2 hound skeletons
  Robin (D:3)
  9 adders
  2 shadow imps
  An ooze (D:4)
  2 adder skeletons
  2 dart slugs
  5 leopard geckos
  35 orcs
  A ball python (D:5)
  10 bats
  7 giant cockroaches
  12 goblins
  4 hobgoblins
  11 kobolds
  4 quokkas
  4 frilled lizards
  A jackal skeleton (D:6)
  A leopard gecko skeleton (D:4)
  9 rats
170 creatures vanquished.

Vanquished Creatures (others)
  A leopard gecko (D:6)
1 creature vanquished.

Grand Total: 171 creatures vanquished

Notes
Turn   | Place    | Note
-------+----------+-------------------------------------------
     0 | D:1      | mcbry the Hill Orc Fighter began the quest for the Orb.
     0 | D:1      | Reached XP level 1. HP: 19/19 MP: 1/1
    71 | D:1      | Reached skill level 3 in Axes
   179 | D:1      | Reached XP level 2. HP: 27/27 MP: 2/2
   743 | D:2      | Reached XP level 3. HP: 29/33 MP: 3/3
   946 | D:2      | Reached skill level 4 in Axes
  1068 | D:2      | Reached XP level 4. HP: 40/40 MP: 4/4
  1557 | D:3      | Noticed Sigmund
  1570 | D:3      | Killed Sigmund
  1570 | D:3      | Reached skill level 6 in Axes
  1570 | D:3      | Reached XP level 5. HP: 47/47 MP: 5/5
  1570 | D:3      | Reached XP level 6. HP: 53/53 MP: 6/6
  1616 | D:3      | Noticed Robin
  1636 | D:3      | Killed Robin
  1725 | D:3      | Found a radiant altar of Vehumet.
  1880 | D:3      | Found a shimmering altar of Xom.
  1891 | D:3      | Noticed Jessica
  1895 | D:3      | Killed Jessica
  1984 | D:3      | Noticed Terence
  1992 | D:3      | Gained mutation: You have large cloven feet. [potion of mutation]
  1992 | D:3      | Gained mutation: You tend to lose your temper in combat. [potion of mutation]
  1992 | D:3      | Gained mutation: Your body sometimes deteriorates upon taking damage. [potion of mutation]
  1992 | D:3      | Gained mutation: Your flesh is heat resistant. (rF+) [potion of mutation]
  2000 | D:3      | Killed Terence
  2062 | D:3      | Noticed Natasha
  2062 | D:3      | Noticed Ijyb
  2080 | D:3      | Killed Natasha
  2087 | D:3      | Killed Ijyb
  2639 | D:4      | Found a staircase to the Ecumenical Temple.
  2950 | D:4      | Reached skill level 7 in Axes
  2950 | D:4      | Reached XP level 7. HP: 60/60 MP: 7/7
  3027 | D:4      | Reached skill level 5 in Fighting
  3030 | D:4      | Found a sacrificial altar of Ru.
  3034 | D:4      | Found a glowing silver altar of Zin.
  3365 | D:5      | Entered Level 5 of the Dungeon
  3384 | D:5      | Found a shattered altar of Ashenzari.
  3510 | D:5      | Found a basalt altar of Yredelemnul.
  3541 | D:5      | Reached skill level 5 in Shields
  3556 | D:5      | Reached skill level 8 in Axes
  3560 | D:5      | Found an iron altar of Okawaru.
  3598 | D:5      | Reached skill level 5 in Armour
  3641 | D:5      | Found a glowing drain.
  3805 | D:5      | Found a sparkling altar of Nemelex Xobeh.
  3811 | D:5      | Reached XP level 8. HP: 66/69 MP: 8/8
  3916 | Sewer    | Entered a sewer
  3955 | Sewer    | Noticed Purgy
  3979 | Sewer    | Killed Purgy
  4239 | D:5      | Noticed Menkaure
  4247 | D:5      | Killed Menkaure
  4247 | D:5      | Reached skill level 9 in Axes
  4279 | D:5      | Noticed Eustachio
  4329 | D:5      | Killed Eustachio
  4803 | D:6      | Became a worshipper of Beogh the Brigand
  5318 | D:7      | Reached skill level 10 in Axes
  5381 | D:7      | Reached XP level 9. HP: 75/78 MP: 9/9
  5778 | D:8      | Reached * piety under Beogh
  5843 | D:8      | Reached skill level 11 in Axes
  6139 | D:8      | Noticed a two-headed ogre
  6150 | D:8      | Killed a two-headed ogre
  6150 | D:8      | Reached skill level 12 in Axes
  6484 | D:8      | Reached ** piety under Beogh
  6484 | D:8      | Reached XP level 10. HP: 80/88 MP: 10/10
  6664 | D:8      | Found Wafuf's Antique Armour Emporium.
  6705 | D:8      | Noticed Prince Ribbit
  6748 | D:8      | Killed Prince Ribbit
  6973 | D:8      | Noticed a two-headed ogre
  6990 | D:8      | HP: 4/90 [two-headed ogre/giant spiked club (13)]
  6994 | D:8      | Mangled by a two-headed ogre

Vault maps used:
D:1:      grunt_arrival_lava_bath, wad_floor_pattern_untrapped
D:2:      first_bread
D:3:      vehumet_crystals, overflow_temple_1_default,
          minmay_misc_feat_more_columns, uniq_terence, uniq_natasha, uniq_robin,
          uniq_ijyb, uniq_sigmund, uniq_jessica
D:4:      chequers_temple_overflow_statue_of_worship, minmay_temple_entry_trees
D:5:      kennysheep_okawaru_gauntlet, overflow_temple_1_default,
          nemelex_xobeh_ov_fountains_minmay, overflow_temple_1_default,
          portal_sewer_entry_b, uniq_eustachio, uniq_menkaure
D:6:      kennysheep_generic_room_9
D:8:      serial_shops, nicolae_shop_behind_doors, uniq_prince_ribbit1
Sewer:    kennysheep_door_sewer

Skill      XL: |  1  2  3  4  5  6  7  8  9 10 |
---------------+-------------------------------+-----
Axes           | 3 4 6 7 8 10 12 | 12.5
Fighting       | 4 5 6 7 8 |  8.4
Armour         | 4 5 6 |  6.9
Shields        | 4 5 6 7 |  7.9
Throwing       | |  0.3

Action                   |  1- 3 |  4- 6 |  7- 9 | 10-12 || total
-------------------------+-------+-------+-------+-------++-------
Melee: War axe           |    76 |   135 |   394 |    54 ||   659
       Kick              |       |    10 |    34 |       ||    44
Throw: Tomahawk          |       |       |     4 |     2 ||     6
Invok: Convert to Beogh  |       |       |     1 |       ||     1
  Use: Potion            |       |     7 |     1 |       ||     8
       Scroll            |       |     8 |       |       ||     8
  Eat: Chunk             |     1 |     3 |     4 |       ||     8
       Bread ration      |       |     1 |     1 |       ||     2
       Fruit             |       |       |     3 |       ||     3
Armor: Scale mail        |    26 |    37 |       |       ||    63
       Chain mail        |       |     7 |   349 |    22 ||   378
Dodge: Dodged            |    25 |    25 |   147 |    14 ||   211
Block: Shield            |    49 |    60 |   259 |    29 ||   397
